 Dungeon Sprint DCSS version 0.18.1-48-g4cf74bf (webtiles) character file.

634 Joat the Covert (level 7, -1/38 HPs)
             Began as a Spriggan Enchanter on July 27, 2016.
             Was an Initiate of Dithmenos.
             Shot with an arrow by a centaur warrior (16 damage)
             ... in the Dungeon (Sprint I: "Red Sonja").
             The game lasted 00:15:55 (292 turns).

Joat the Covert (Spriggan Enchanter)                 Turns: 292, Time: 00:15:56

Health: -1/38      AC:  3    Str:  4    XL:     7   Next: 24%
Magic:  15/17      EV: 26    Int: 16    God:    Dithmenos [......]
Gold:   317        SH:  0    Dex: 19    Spells: 5 memorised, 6 levels left

rFire  . . .     SeeInvis +     a - +1 dagger
rCold  . . .     Gourm    .     b - +1 robe
rNeg   . . .     Faith    .     (shield restricted)
rPois  .         Spirit   .     (helmet restricted)
rElec  .         Dismiss  .     (no cloak)
rCorr  .         Reflect  .     (gloves unavailable)
SustAt .         Harm     .     (boots unavailable)
MR     +....     NoTele   +     (no amulet)
Stlth  +++.......               (no ring)
                                (no ring)

@: very quick, somewhat resistant to hostile enchantments, fairly stealthy
A: unfitting armour, see invisible, herbivore 3, speed 3, slow metabolism 2
a: Renounce Religion


You were in the Dungeon.
You worshipped Dithmenos.
Dithmenos was noncommittal.
You were not hungry.

You visited 1 branch You collected 317 gold pieces.

Inventory:

Hand Weapons
 a - a +1 dagger (weapon)
 k - a +0 dagger
Armour
 b - a +1 robe (worn)
 l - a +0 robe
Scrolls
 j - a scroll of blinking
Potions
 e - 2 potions of curing
 f - a potion of heal wounds
 g - a potion of haste
 h - 2 potions of magic
 i - a potion of berserk rage
Books
 c - a book of Maledictions

   Spells                             Type                      Level
   a - Corona                         Hexes                        1
   b - Ensorcelled Hibernation        Hexes/Ice                    2
   c - Confuse                        Hexes                        3
   d - Tukima's Dance                 Hexes                        3
   e - Dazzling Spray                 Conjuration/Hexes            3
Comestibles
 d - a bread ration


   Skills:
 + Level 4.8 Fighting
 + Level 6.6 Short Blades
 + Level 9.0 Dodging
 * Level 13.3 Stealth
 + Level 6.0 Spellcasting
 + Level 2.4 Conjurations
 + Level 7.3 Hexes
 - Level 2.1 Ice Magic


You had 6 spell levels left.
You knew the following spells:

 Your Spells              Type           Power        Failure   Level  Hunger
a - Corona                Hex            ####...      1%          1    None
b - Ensorcelled Hibernat  Hex/Ice        ###...       3%          2    #......
c - Confuse               Hex            ####....     1%          3    ##.....
d - Tukima's Dance        Hex            ####....     1%          3    ##.....
e - Dazzling Spray        Conj/Hex       ###...       8%          3    ##.....


Dungeon Overview and Level Annotations

Branches:
Dungeon (1/1)

Altars:
Cheibriados
Dithmenos
Elyvilon
Fedhas
Gozag
Kikubaaqudgha
Makhleb
Nemelex Xobeh
Okawaru
Pakellas
Qazlal
Ru
Sif Muna
Trog
Vehumet
Xom
Yredelemnul
Zin
The Shining One
Jiyva

Shops:
D =


Innate Abilities, Weirdness & Mutations

You are tiny and cannot use many weapons and most armour.
You have supernaturally acute eyesight.
You are a herbivore.
You cover ground extremely quickly.
You need consume almost no food.


Message History

You hit the centaur warrior but do no damage.
The centaur warrior is lightly wounded.
The centaur warrior hits you. The centaur warrior closely misses you.
The centaur warrior hits you.
You closely miss the centaur warrior. The centaur warrior closely misses you.
The centaur warrior barely misses you.
You barely miss the centaur warrior. The centaur warrior misses you. x2
Casting: Ensorcelled Hibernation
Confirm with . or Enter, or press ? or * to list all spells.
Aiming: Ensorcelled Hibernation
Press: ? - help, Shift-Dir - straight line, f - centaur warrior
Aim: a centaur warrior (purple smoke, chance to defeat MR: 32%)
The centaur warrior easily resists.
The centaur warrior hits you. The centaur warrior hits you!
The centaur warrior completely misses you.
You enter the shallow water.
Moving in this stuff is going to be slow.
The centaur warrior wields an uncursed shortbow.
The centaur warrior shoots an arrow.
The arrow hits you!
You die...

#################
.#..'..#.)'..#__#
.'..#.)'..#..'..+
.#####'#####'#__####
.####..#...#.####§§#
.#__####..##.#≈≈§§c#
.#_.___##'#.§'§§@§§+
⌠#_.∩..%'..._#§§§§c#
##_..._##_.#+##+####
#_____###+# #######


You could see 2 centaur warriors.

Vanquished Creatures
  A slime creature (D)
  Sigmund (D)
  A yak (D)
  An ogre (D)
  A jelly (D)
  Ijyb (D)
6 creatures vanquished.

Notes
Turn   | Place    | Note
--------------------------------------------------------------
     0 | D        | Joat the Spriggan Enchanter began the quest for the Orb.
     0 | D        | Reached XP level 1. HP: 9/9 MP: 5/5
     2 | D        | Noticed Ijyb
    13 | D        | Killed Ijyb
    13 | D        | Reached skill level 1 in Fighting
    13 | D        | Reached skill level 7 in Stealth
    13 | D        | Reached XP level 2. HP: 10/15 MP: 6/6
    20 | D        | Learned a level 2 spell: Ensorcelled Hibernation
   103 | D        | Noticed an ogre
   106 | D        | Killed an ogre
   106 | D        | Reached skill level 9 in Stealth
   106 | D        | Reached XP level 3. HP: 19/19 MP: 6/9
   106 | D        | Reached XP level 4. HP: 23/23 MP: 7/11
   113 | D        | Learned a level 3 spell: Confuse
   117 | D        | Learned a level 3 spell: Tukima's Dance
   117 | D        | Noticed Sigmund
   120 | D        | Killed Sigmund
   120 | D        | Reached skill level 5 in Short Blades
   120 | D        | Reached skill level 11 in Stealth
   120 | D        | Reached skill level 5 in Spellcasting
   120 | D        | Reached skill level 5 in Hexes
   120 | D        | Reached XP level 5. HP: 29/29 MP: 8/13
   120 | D        | Reached XP level 6. HP: 33/33 MP: 9/15
   140 | D        | Learned a level 3 spell: Dazzling Spray
   184 | D        | Found a snail-covered altar of Cheibriados.
   184 | D        | Found a viscous altar of Jiyva.
   184 | D        | Found a shadowy altar of Dithmenos.
   184 | D        | Found a blossoming altar of Fedhas.
   184 | D        | Noticed a slime creature
   187 | D        | Killed a slime creature
   187 | D        | Reached skill level 12 in Stealth
   187 | D        | Reached skill level 1 in Conjurations
   190 | D        | Became a worshipper of Dithmenos the Shadowed
   195 | D        | Found a deep blue altar of Sif Muna.
   197 | D        | Found a radiant altar of Vehumet.
   230 | D        | Found Qijess's Jewellery Emporium.
   230 | D        | Found a white marble altar of Elyvilon.
   230 | D        | Found a stormy altar of Qazlal.
   230 | D        | Found a burning altar of Makhleb.
   230 | D        | Found a sacrificial altar of Ru.
   230 | D        | Found an oddly glowing altar of Pakellas.
   230 | D        | Found a basalt altar of Yredelemnul.
   230 | D        | Found a glowing golden altar of the Shining One.
   230 | D        | Found a sparkling altar of Nemelex Xobeh.
   230 | D        | Found a shimmering altar of Xom.
   230 | D        | Found an opulent altar of Gozag.
   230 | D        | Found an ancient bone altar of Kikubaaqudgha.
   230 | D        | Found a glowing silver altar of Zin.
   230 | D        | Noticed a yak
   231 | D        | Found an iron altar of Okawaru.
   236 | D        | Killed a yak
   236 | D        | Reached skill level 13 in Stealth
   236 | D        | Reached XP level 7. HP: 38/38 MP: 11/17
   237 | D        | Found a bloodstained altar of Trog.
   280 | D        | Noticed a centaur warrior
   280 | D        | Noticed a centaur warrior
   292 | D        | Shot with an arrow by a centaur warrior

Skill      XL: |  1  2  3  4  5  6 |
---------------+-------------------+-----
Fighting       | 1 2 3 4 |  4.8
Short Blades   | 2 4 5 6 |  6.6
Dodging        | 4 6 7 9 |  9.0
Stealth        | 7 9 11 13 | 13.3
Spellcasting   | 4 5 6 |  6.0
Hexes          | 4 5 7 |  7.3
Ice Magic      | 2 |  2.1
Conjurations   | 2 |  2.4

Action                   |  1- 3 |  4- 6 |  7- 9 || total
-------------------------+-------+-------+-------++-------
Melee: Dagger            |    10 |     6 |     6 ||    22
 Cast: Ensorcelled Hiber |       |     2 |     1 ||     3
 Stab: Sleeping          |     2 |     4 |       ||     6
Armor: Robe              |     1 |       |     2 ||     3
Dodge: Dodged            |     5 |     3 |    11 ||    19
